 Dungeon Crawl Stone Soup version 0.31-a0-986-g5e6e4ef867 (webtiles) character file.

Game seed: 18427353063788820106

42483 sammy202020 the Fighter (level 13, -3/109 HPs)
             Began as a Demonspawn Shapeshifter on Nov 18, 2023.
             Was an Initiate of Gozag.
             Shot with an arrow by a centaur warrior (10 damage)
             ... on level 15 of the Dungeon on Nov 19, 2023.
             The game lasted 00:40:46 (14436 turns).

sammy202020 the Fighter (Demonspawn Shapeshifter)  Turns: 14436, Time: 00:40:46

Health: -3/109     AC: 14    Str: 19    XL:     13   Next: 85%
Magic:  0/13       EV: 15    Int: 18    God:    Gozag
Gold:   46         SH:  4    Dex: 13    Spells: 12/12 levels left

rFire   + +          .
                       - Unarmed
rCold   + + .        (shield currently unavailable)
rNeg    . . .        j - +6 leather armour of the Hanged Man {rElec rPois rF+}
rPois   +            (no helmet)
rElec   +            Q - +0 cloak
rCorr   +            (gloves unavailable)
SInv    +            M - +0 pair of boots of Midwinter {rC+}
Will    +....        N - amulet of guardian spirit
Stlth   +            r - ring "Rosasiur" {rF+ rCorr Int+3 SInv}
HPRegen 1.18/turn    f - ring of Xom's Amusement {rElec rC+ Int+3}
MPRegen 0.13/turn

%: guardian spirit
@: flux-form, gold aura, on berserk cooldown, glowing
A: glow, contaminating, foul stench 2, sharp scales 2, condensation shield,
demonic willpower, demonic touch 3, regeneration 1
a: Begin Untransformation, Renounce Religion, Potion Petition, Call Merchant,
Bribe Branch


You were on level 15 of the Dungeon.
You worshipped Gozag.
Gozag was noncommittal.
You were something dangerously unstable.
You visited 2 branches of the dungeon, and saw 16 of its levels.
You also visited: Gauntlet.

You collected 4060 gold pieces.
You spent 813 gold pieces at shops.
You paid 3201 gold pieces to Gozag.

Inventory:

Hand Weapons
 t - a +0 sling of flaming
Missiles
 k - 39 poisoned darts (quivered)
 p - 3 throwing nets
 O - 6 silver javelins
Armour
 j - the +6 leather armour of the Hanged Man (worn) {rElec rPois rF+}
   (You found it on level 5 of the Dungeon)

   rF+:       It protects you from fire.
   rElec:     It insulates you from electricity.
   rPois:     It protects you from poison
 s - a +1 robe of cold resistance
 G - a +0 pair of boots
 L - the +15 Maxwell's patent armour {-Cast -Tele rElec Will+ rCorr}
   (You took it off an orc priest on level 9 of the Dungeon)

   rElec:     It insulates you from electricity.
   Will+:     It increases your willpower.
   -Cast:     It prevents spellcasting.
   -Tele:     It prevents most forms of teleportation.
   rCorr:     It protects you from acid and corrosion.
 M - the +0 pair of boots of Midwinter (worn) {rC+}
   (You found it on level 9 of the Dungeon)

   rC+:       It protects you from cold.
 Q - a +0 cloak (worn)
Jewellery
 a - a ring of protection from cold
 e - a +4 ring of protection
 f - the ring of Xom's Amusement (right hand) {rElec rC+ Int+3}
   (You found it in a Gauntlet)

   [ring of protection from cold]

   Int+3:     It affects your intelligence (+3).
   rC+:       It protects you from cold.
   rElec:     It insulates you from electricity.
 m - a ring of protection from fire
 r - the ring "Rosasiur" (left hand) {rF+ rCorr Int+3 SInv}
   (You bought it in a shop on level 12 of the Dungeon)

   [ring of see invisible]

   Int+3:     It affects your intelligence (+3).
   rF+:       It protects you from fire.
   SInv:      It lets you see invisible.
   rCorr:     It protects you from acid and corrosion.
 v - a ring of fire
 N - an amulet of guardian spirit (around neck)
 P - a ring of resist corrosion
Talismans
 c - a beast talisman
 d - a flux talisman (active)
Wands
 l - a wand of flame (25)
 o - a wand of mindburst (10)
 x - a wand of paralysis (9)
 B - a wand of roots (15)
 F - a wand of polymorph (5)
Scrolls
 h - 5 scrolls of vulnerability
 i - 2 scrolls of fear
 u - a scroll of torment
 y - 2 scrolls of amnesia
 C - a scroll of revelation
 I - 3 scrolls of identify
 J - 3 scrolls of blinking
 S - a scroll of noise
 U - a scroll of enchant armour
 V - a scroll of brand weapon
Potions
 b - 3 potions of lignification
 g - 9 potions of curing
 n - a potion of attraction
 q - 2 potions of mutation
 w - a potion of enlightenment
 z - a potion of berserk rage
 D - 3 potions of brilliance
 H - 2 potions of ambrosia
 R - 3 potions of haste
 T - a potion of might


   Skills:
 * Level 12.3 Fighting
 + Level 8.1 Armour
 + Level 8.0 Dodging
 * Level 11.7 Unarmed Combat
 * Level 10.8 Shapeshifting


You had 12 spell levels left.
You didn't know any spells.
Your spell library contained the following spells:

 Spells                   Type           Power      Damage    Failure   Level
 Apportation              Tloc           0%         N/A       26%         1
 Foxfire                  Conj/Fire      0%         2x1d4     26%         1
 Kiss of Death            Conj/Necr      0%         2d5       26%         1
 Magic Dart               Conj           0%         1d3       26%         1
 Necrotise                Necr           0%         1d4       26%         1
 Sandblast                Erth           0%         2d4       26%         1
 Shock                    Conj/Air       0%         1d3       26%         1
 Summon Small Mammal      Summ           0%         N/A       26%         1
 Blink                    Tloc           0%         N/A       36%         2
 Ensorcelled Hibernation  Hex/Ice        0%         N/A       36%         2
 Lesser Beckoning         Tloc           0%         N/A       36%         2
 Momentum Strike          Conj/Tloc      0%         3d8       36%         2
 Passwall                 Tmut/Erth      0%         N/A       36%         2
 Poisonous Vapours        Pois/Air       0%         N/A       36%         2
 Searing Ray              Conj           0%         2d4       36%         2
 Confusing Touch          Hex            0%         N/A       58%         3
 Dazzling Flash           Conj/Hex       0%         N/A       58%         3
 Gell's Gravitas          Tloc           0%         N/A       58%         3
 Mephitic Cloud           Conj/Pois/Air  0%         N/A       58%         3
 Stone Arrow              Conj/Erth      0%         3d7       58%         3
 Swiftness                Air            0%         N/A       58%         3
 Teleport Other           Tloc           0%         N/A       58%         3
 Vampiric Draining        Necr           0%         2d6       58%         3
 Volatile Blastmotes      Fire/Tloc      0%         2d10      58%         3
 Airstrike                Air            0%         2d(0-16)  94%         4
 Brom's Barrelling Bould  Conj/Erth      0%         2d3       94%         4
 Cause Fear               Hex            0%         N/A       94%         4
 Dispel Undead            Necr           0%         3d6       94%         4
 Fulminant Prism          Conj/Hex       0%         3d5       94%         4
 Agony                    Necr           0%         N/A       100%        5
 Borgnjor's Vile Clutch   Necr/Erth      0%         N/A       100%        5
 Fireball                 Conj/Fire      0%         3d3       100%        5
 Freezing Cloud           Conj/Ice/Air   0%         6-21      100%        5
 Death Channel            Necr           0%         N/A       100%        6
 Dispersal                Tloc           0%         N/A       100%        6
 Plasma Beam              Fire/Air       0%         2x1d10    100%        6
 Starburst                Conj/Fire      0%         6d3       100%        6
 Maxwell's Capacitive Co  Air            0%         ∞         100%        8
 Dragon's Call            Summ           0%         N/A       100%        9
 Animate Dead             Necr           Unusable   N/A       N/A         4

Dungeon Overview and Level Annotations

Branches:
Dungeon (15/15) Temple (1/1) D:6 Lair (0/5) D:8 Orc (0/2) D:11 Vaults (0/5) D:13 D:14 Gauntlet (visited) Depths: D:15

Altars:
Ashenzari
Cheibriados
Dithmenos
Fedhas
Gozag
Hepliaklqana
Kikubaaqudgha
Makhleb
Nemelex Xobeh
Okawaru
Qazlal
Ru
Sif Muna
Trog
Uskayaw
Vehumet
Wu Jian
Xom
Yredelemnul

Shops:
D:4 !   D:9 (   D:12 =


Innate Abilities, Weirdness & Mutations

You are something dangerously unstable.
You glow with magical radiation, making you easy to see and hit.
Foes you strike become dangerously contaminated with magical radiation.
You are incapable of wielding weapons or throwing items.
You sometimes emit foul miasma when damaged in melee.
You are mostly covered in razor-sharp scales. (AC +2, Slay +2)
A meltable shield of frost defends you. (SH +4)
You punish those that try to bend your will. (Will+)
Your touch may irresistibly damage your foes and sap their willpower.
Your natural rate of healing is unusually fast.


Message History

The centaur warrior wields a +0 shortbow.
The centaur warrior shoots an arrow.
The arrow hits you.
* * * LOW HITPOINT WARNING * * *
Two slime creatures merge to form a very large slime creature.
Okay, then.
You feel much better.
The centaur warrior shoots an arrow.
The arrow misses you.
The meliai invokes the aid of its god against you.
Something smites you!
You hear a shout!
Unknown command.
The centaur warrior shoots an arrow.
The arrow hits you!
* * * LOW HITPOINT WARNING * * *
The meliai invokes the aid of its god against you.
Something smites you!
* * * LOW HITPOINT WARNING * * *
The orc knight roars a battlecry!
The centaur warrior shoots an arrow.
The arrow hits you!
* * * LOW HITPOINT WARNING * * *
You are confused.
You feel invigorated.
The centaur warrior shoots an arrow.
The arrow hits you!
* * * LOW HITPOINT WARNING * * *
Your magical effects are unravelling.
You feel magically purged.
You feel less invigorated.
You feel yourself speed up.
You feel yourself slow down.
You feel less confused.
You feel a little less mighty now.
Your resistance to elements expires.
The centaur warrior shoots an arrow.
The arrow hits you.
* * * LOW HITPOINT WARNING * * *
Okay, then.
Okay, then.
The air fills with toxic fumes!
As you read the scroll of poison, it crumbles to dust.
The centaur warrior shoots an arrow.
The arrow hits you!
* * * LOW HITPOINT WARNING * * *
The very large slime creature is distracted by your dazzling golden aura.
The very large slime creature quivers.
The centaur warrior shoots an arrow.
The arrow hits you!
You die...
Your body crumbles into a pile of gold.

#.......co..
####.......c...
.......J.......
.......Hoo.....
#######JJo.....
#c####### #.##########
#############Jy§........
.§§§§§§p.§§§§co§........
.################..#####
#..#
##############..#####
.........<...........
.....................
################..###
..# ....


You could see an orc knight, a very large slime creature, a centaur warrior and
a meliai.

Vanquished Creatures
  Rupert (D:13)
  A minotaur (Gauntlet)
  Josephine (D:10)
  Fannar (D:11)
  A hydra (D:15)
  The ghost of Whiskey the Mimic, a novice TrSh of Qazlal (D:9)
  5 centaur warriors
  2 two-headed ogres
  2 tengu warriors (D:13)
  Urug (D:14)
  4 sixfirhies (Gauntlet)
  A necromancer (D:10)
  An ugly thing (D:12)
  3 deep elf pyromancers
  10 cyclopes
  3 manticores
  4 centaur zombies (D:10)
  2 slime creatures (D:15)
  4 centaur skeletons (D:10)
  A gargoyle (D:13)
  2 minotaur zombies (Gauntlet)
  The ghost of Moreman the Ducker, a novice DjFE of Zin (D:5)
  An unseen horror (D:12)
  A tengu conjurer (D:14)
  2 unseen horror zombies (D:10)
  2 unseen horror skeletons (D:10)
  2 meliai (D:15)
  A troll (D:14)
  A hornet (D:10)
  6 centaur simulacra
  2 water elementals (D:14)
  4 flying skulls (D:10)
  27 yaks
  6 wraiths (D:10)
  5 shadows
  A yak (shapeshifter) (D:14)
  A wyvern (D:8)
  2 large abominations (Gauntlet)
  15 humans
  2 steam dragons
  13 vampire mosquitoes
  A basilisk (shapeshifter) (D:13)
  A harpy simulacrum (Gauntlet)
  A warg (D:9)
  An acid dragon (D:13)
  9 orc warriors
  2 water moccasins
  2 meliai simulacra (D:14)
  A sky beast (D:3)
  A black bear (D:6)
  An ice beast (D:13)
  A wolf (D:14)
  4 kobold brigands
  4 bullfrogs
  3 gnoll sergeants
  5 scorpions
  7 wights (D:10)
  6 small abominations (Gauntlet)
  3 howler monkeys
  A hound (D:6)
  17 orc priests
  A jelly (D:2)
  3 gnoll boudas
  An iguana (D:5)
  Ijyb (D:5)
  13 orc wizards
  A boggart simulacrum (Gauntlet)
  A howler monkey zombie (D:10)
  A howler monkey skeleton (D:10)
  38 gnolls
  8 adders
  A shadow imp (D:7)
  A white imp (D:14)
  A worm (D:3)
  2 dart slugs
  56 orcs
  11 ball pythons
  7 endoplasms
  2 giant cockroaches
  10 goblins
  7 hobgoblins
  5 jackals
  22 kobolds
  5 quokkas
  8 bats
  3 frilled lizards
  4 rats
430 creatures vanquished.

Vanquished Creatures (others)
  A human (D:14)
  2 orcs (D:9)
3 creatures vanquished.

Grand Total: 433 creatures vanquished

Notes
Turn   | Place    | Note
-------+----------+-------------------------------------------
     0 | D:1      | sammy202020 the Demonspawn Shapeshifter began the quest for
                  | the Orb.
     0 | D:1      | Reached XP level 1. HP: 15/15 MP: 1/1
   214 | D:1      | Gained mutation: You may rarely emit foul miasma when
                  | damaged in melee. [demonic ancestry]
   214 | D:1      | Reached XP level 2. HP: 21/21 MP: 2/2
   928 | D:1      | Identified a scroll of acquirement
   928 | D:1      | Acquired 719 gold pieces
   992 | D:2      | Gained mutation: You are partially covered in razor-sharp
                  | scales. (AC +1, Slay +1) [demonic ancestry]
   992 | D:2      | Reached XP level 3. HP: 18/26 MP: 3/3
  1099 | D:2      | Reached skill level 2 in Fighting
  1099 | D:2      | Reached skill level 1 in Armour
  1240 | D:2      | Gained mutation: Your touch may inflict minor irresistible
                  | damage on your foes. [demonic ancestry]
  1240 | D:2      | Reached XP level 4. HP: 22/33 MP: 4/4
  1894 | D:3      | Reached XP level 5. HP: 23/39 MP: 5/5
  2296 | D:3      | Found a faded altar of an unknown god.
  2442 | D:3      | Found an iron altar of Okawaru.
  2557 | D:3      | Noticed a sky beast
  2566 | D:3      | Killed a sky beast
  2567 | D:3      | Reached skill level 3 in Fighting
  2567 | D:3      | Gained mutation: A meltable shield of frost defends you.
                  | (SH +4) [demonic ancestry]
  2567 | D:3      | Reached XP level 6. HP: 32/47 MP: 6/6
  3460 | D:4      | Found a radiant altar of Vehumet.
  3492 | D:4      | Found Xotytyev's Distillery.
  3501 | D:4      | Bought a potion of curing for 39 gold pieces
  3501 | D:4      | Bought a potion of mutation for 104 gold pieces
  3501 | D:4      | Bought a potion of curing for 39 gold pieces
  3501 | D:4      | Bought a potion of mutation for 104 gold pieces
  3501 | D:4      | Bought 2 potions of curing for 78 gold pieces
  3501 | D:4      | Gained mutation: You possess an exceptional clarity of
                  | mind. [potion of mutation]
  3501 | D:4      | Gained mutation: Your mind is acute. (Int +4, Str/Dex -1)
                  | [potion of mutation]
  3502 | D:4      | Lost mutation: You possess an exceptional clarity of mind.
                  | [potion of mutation]
  3502 | D:4      | Lost mutation: Your mind is acute. (Int +4, Str/Dex -1)
                  | [potion of mutation]
  3502 | D:4      | Gained mutation: Your natural rate of healing is unusually
                  | fast. [potion of mutation]
  3781 | D:5      | Entered Level 5 of the Dungeon
  3785 | D:5      | Gained mutation: You sometimes emit foul miasma when
                  | damaged in melee. [demonic ancestry]
  3785 | D:5      | Reached XP level 7. HP: 53/53 MP: 7/7
  3814 | D:5      | Reached skill level 4 in Fighting
  3901 | D:5      | Identified the +6 leather armour of the Hanged Man {rElec
                  | rPois rF+}
  3914 | D:5      | Noticed Ijyb
  3921 | D:5      | Killed Ijyb
  4140 | D:5      | Found a runed translucent door.
  4141 | D:5      | Noticed Moreman's ghost (novice DjFE)
  4557 | D:5      | Killed Moreman's ghost
  4558 | D:5      | Reached skill level 5 in Unarmed Combat
  4558 | D:5      | Gained mutation: You are mostly covered in razor-sharp
                  | scales. (AC +2, Slay +2) [demonic ancestry]
  4558 | D:5      | Reached XP level 8. HP: 61/61 MP: 8/8
  4673 | D:6      | Reached skill level 5 in Fighting
  4718 | D:6      | Reached skill level 5 in Shapeshifting
  4883 | D:6      | Found a staircase to the Ecumenical Temple.
  4982 | Temple   | Entered the Ecumenical Temple
  5073 | Temple   | Became a worshipper of Gozag Ym Sagoz the Greedy
  5570 | D:7      | Gained mutation: Your touch may inflict irresistible damage
                  | on your foes. [demonic ancestry]
  5570 | D:7      | Reached XP level 9. HP: 57/69 MP: 9/9
  5936 | D:7      | Reached skill level 6 in Fighting
  6099 | D:7      | Found a sacrificial altar of Ru.
  6752 | D:8      | Found a staircase to the Lair.
  6862 | D:8      | Reached skill level 7 in Fighting
  7464 | D:9      | Reached XP level 10. HP: 73/79 MP: 10/10
  7627 | D:9      | Reached skill level 5 in Dodging
  7716 | D:9      | Found a sparkling altar of Nemelex Xobeh.
  7736 | D:9      | Found a runed translucent gate.
  7737 | D:9      | Found a runed translucent gate.
  7737 | D:9      | Noticed Whiskey's ghost (novice TrSh)
  7738 | D:9      | Found a runed translucent gate.
  7740 | D:9      | Identified the +10 plate armour "Aperiqo" {Contam Rampage
                  | rElec}
  7744 | D:9      | Found Tosiaretz's Antique Weapon Shoppe.
  7898 | D:9      | Killed Whiskey's ghost
  7899 | D:9      | Reached skill level 8 in Fighting
  7906 | D:9      | Reached skill level 5 in Armour
  7980 | D:9      | Identified the +0 pair of boots of Midwinter {rC+}
  8192 | D:10     | Entered Level 10 of the Dungeon
  8320 | D:10     | Noticed a necromancer
  8350 | D:10     | Killed a necromancer
  8353 | D:10     | Gained mutation: Your touch may irresistibly damage your
                  | foes and sap their willpower. [demonic ancestry]
  8353 | D:10     | Reached XP level 11. HP: 48/87 MP: 11/11
  8401 | D:10     | Reached skill level 9 in Fighting
  8456 | D:10     | Noticed Josephine
  8467 | D:10     | Killed Josephine
  8509 | D:10     | HP: 4/88 [wraith (10)]
  9036 | D:10     | Noticed a two-headed ogre
  9044 | D:10     | Killed a two-headed ogre
  9452 | D:11     | Found a gate leading to a gauntlet.
  9458 | Gauntlet | Entered a Gauntlet
  9458 | Gauntlet | Noticed an oklob plant
  9458 | Gauntlet | Found a transporter.
  9458 | Gauntlet | Found a transporter.
  9458 | Gauntlet | Found a transporter.
  9461 | Gauntlet | Found a transporter.
  9462 | Gauntlet | Found a transporter.
  9462 | Gauntlet | Found a transporter.
  9465 | Gauntlet | Noticed a sixfirhy
  9470 | Gauntlet | Noticed a sixfirhy
  9471 | Gauntlet | Noticed a catoblepas
  9479 | Gauntlet | Found a transporter.
  9479 | Gauntlet | Noticed a sixfirhy
  9481 | Gauntlet | Noticed a sixfirhy
  9483 | Gauntlet | Found a transporter.
  9485 | Gauntlet | Found a large runed translucent door.
  9486 | Gauntlet | Found a large runed translucent door.
  9487 | Gauntlet | Found a transporter.
  9487 | Gauntlet | Found a transporter.
  9489 | Gauntlet | Found a large runed translucent door.
  9489 | Gauntlet | Found a large runed translucent door.
  9489 | Gauntlet | Found a runed translucent door.
  9490 | Gauntlet | Found a large runed translucent door.
  9496 | Gauntlet | Found a large runed translucent door.
  9496 | Gauntlet | Found a large runed translucent door.
  9497 | Gauntlet | Found a large runed translucent door.
  9498 | Gauntlet | Found a runed translucent gate.
  9500 | Gauntlet | Noticed a catoblepas
  9502 | Gauntlet | Found a transporter.
  9692 | Gauntlet | Killed a sixfirhy
  9707 | Gauntlet | Killed a sixfirhy
  9708 | Gauntlet | Reached skill level 10 in Fighting
  9717 | Gauntlet | Killed a sixfirhy
  9718 | Gauntlet | Reached XP level 12. HP: 61/97 MP: 12/12
  9847 | Gauntlet | Identified the ring of Xom's Amusement {rElec rC+ Int+3}
  9855 | Gauntlet | Found a transporter.
  9868 | Gauntlet | Noticed a minotaur
  9874 | Gauntlet | Killed a minotaur
 10308 | D:11     | Reached skill level 10 in Unarmed Combat
 10380 | D:11     | Noticed Fannar
 10410 | D:11     | Killed Fannar
 10585 | D:11     | Identified the +8 halberd "Emub" {heavy, Will+}
 10784 | D:11     | Found a staircase to the Orcish Mines.
 10890 | D:11     | Noticed a two-headed ogre
 11094 | D:11     | Noticed a two-headed ogre
 11100 | D:11     | Killed a two-headed ogre
 11204 | D:12     | Reached skill level 11 in Fighting
 11753 | D:12     | Bought the ring "Rosasiur" {rF+ rCorr Int+3 SInv} for 449
                  | gold pieces
 11774 | D:12     | Gained mutation: You punish those that try to bend your
                  | will. (Will+) [demonic ancestry]
 11774 | D:12     | Reached XP level 13. HP: 100/106 MP: 11/13
 12324 | D:13     | Reached skill level 10 in Shapeshifting
 12729 | D:14     | Noticed Urug
 12729 | D:14     | Noticed Rupert
 12729 | D:14     | Found a gate to the Vaults.
 12735 | D:14     | HP: 1/106 [Rupert/+2 heavy battleaxe (27)]
 12744 | D:13     | Killed Rupert
 13247 | D:14     | Killed Urug
 13318 | D:14     | Reached skill level 12 in Fighting
 14323 | D:15     | Entered Level 15 of the Dungeon
 14436 | D:15     | Shot with an arrow by a centaur warrior

Illustrated notes

Levels and vault maps discovered:
D:1:      nzn_arrival_water_spiral, layout_loops_ring
D:2:      minmay_thinvault, layout_rooms
D:3:      layout_loops_ring, gammafunk_temple_overflow_statue,
          nicolae_ecumenical_oubliette, supply_closet_lemuel
D:4:      layout_cave_pools, overflow_temple_1_default, serial_shops,
          nicolae_shop_peninsula, kennysheep_generic_room_10
D:5:      corexii_shack_village, layout_loops_ring, gammafunk_ghost_grave,
          uniq_ijyb
D:6:      layout_basic, minmay_temple_entry_arrows, minmay_misc_feat_tiny
D:7:      layout_basic, kennysheep_mini_moat
D:8:      layout_cave_pods, lair_entry_dummy, serial_rivers,
          chequers_serial_rivers_micro_a, chequers_serial_rivers_micro_d,
          chequers_serial_rivers_small_b, chequers_serial_rivers_micro_b,
          chequers_serial_rivers_micro_e, chequers_serial_rivers_micro_d
D:9:      layout_long_grid, nemelex_xobeh_ov_fountains_minmay,
          biasface_ghost_orc_armoury, serial_shops, shop
D:10:     hangedman_screamer, layout_cave_pods
D:11:     layout_loops_ring, minmay_orc_entry_temple_small,
          gauntlet_entry_generic, uniq_fannar
D:12:     layout_roguey
D:13:     layout_long_grid
D:14:     layout_gridville, david_vaults_3, patterned_corridor, serial_ice,
          serial_ice_c, serial_ice_g, serial_ice_i, serial_ice_d, uniq_josephine
D:15:     grunt_enter_depths_magical_seal, layout_long_grid,
          nicolae_ashenzari_panopticon
Temple:   bh_familiar_temple

Skill      XL: |  1  2  3  4  5  6  7  8  9 10 11 12 13 |
---------------+----------------------------------------+-----
Unarmed Combat | 3 4 5 6 7 8 9 10 11 | 11.7
Dodging        | 2 3 4 5 6 7 8 |  8.0
Shapeshifting  | 3 4 5 6 7 8 9 10 | 10.8
Fighting       | 2 3 4 5 7 8 10 11 12 | 12.3
Armour         | 1 2 3 4 5 6 7 8 |  8.1

Action                     |  1- 3 |  4- 6 |  7- 9 | 10-12 | 13-15 || total
---------------------------+-------+-------+-------+-------+-------++-------
  Melee: Unarmed           |    86 |   131 |   330 |   609 |   243 ||  1399
         Punch             |     2 |     3 |    13 |    10 |       ||    28
         Touch             |       |    19 |    63 |   139 |    61 ||   282
 Invoke: Potion Petition   |       |       |       |     2 |     4 ||     6
         Call Merchant     |       |       |       |     1 |       ||     1
    Use: Scroll            |     2 |     7 |     8 |    10 |     3 ||    30
         Potion            |       |     8 |     1 |     4 |     3 ||    16
   Stab: Sleeping          |       |     4 |     1 |       |       ||     5
         Distracted        |       |       |     1 |     2 |       ||     3
 Armour: Animal skin       |    35 |       |       |       |       ||    35
         Leather armour    |     3 |    31 |   214 |   477 |   253 ||   978
         Scale mail        |       |    50 |    10 |       |       ||    60
  Dodge: Dodged            |    52 |    68 |   171 |   383 |   193 ||   867
  Block: Other             |       |     5 |    53 |    89 |    50 ||   197
   Form: Flux              |       |       |       |     1 |       ||     1

Table legend: (Time is in decaauts)
 A = Elapsed time spent in this place.
 B = Non-inter-level travel time spent in this place.
 C = Inter-level travel time spent in this place.
 D = Time resting spent in this place.
 E = Time spent auto-exploring this place.
 F = Levels seen in this place.
 G = Mean time per level.
                   A        B        C        D        E       F      G
               +--------+--------+--------+--------+--------+-----+--------+
         Total |  14273 |  13973 |    300 |   1645 |   8700 |  17 |  839.6 |
       Dungeon |  13369 |  13112 |    257 |   1302 |   8637 |  15 |  891.3 |
        Temple |    132 |     90 |     42 |      0 |      0 |   1 |  132.0 |
      Gauntlet |    771 |    771 |      0 |    343 |     63 |   1 |  771.0 |
               +--------+--------+--------+--------+--------+-----+--------+

Top non-repeatable levels by time:
    D:13: 1277 daAuts
    D:10: 1251 daAuts
     D:3: 1208 daAuts
    D:14: 1088 daAuts
     D:1: 975 daAuts
     D:9: 947 daAuts
    D:11: 902 daAuts
     D:2: 857 daAuts
     D:7: 857 daAuts
     D:8: 855 daAuts
     D:5: 800 daAuts
Gauntlet: 771 daAuts
     D:6: 752 daAuts
    D:12: 747 daAuts
     D:4: 745 daAuts
